 Dungeon Crawl Stone Soup version 0.26-a0-708-g17f3b19 (webtiles) character file.

Game seed: 2298658109645041397

23 BarneyGumball the Firebug (level 2, -4/15 HPs)
             Began as a Deep Elf Fire Elementalist on Oct 28, 2020.
             Slain by a centaur skeleton (6 damage)
             ... on level 2 of the Dungeon.
             The game lasted 00:02:11 (1015 turns).

BarneyGumball the Firebug (DEFE)                    Turns: 1015, Time: 00:02:12

Health: -4/15      AC:  2    Str:  5    XL:     2   Next: 75%
Magic:  6/8        EV: 13    Int: 19    God:
Gold:   56         SH:  0    Dex: 15    Spells: 6/7 levels left

rFire    . . .     SeeInvis .   g - +0 short sword
rCold    . . .     Faith    .   (no shield)
rNeg     . . .     Spirit   .   a - +0 robe
rPois    .         Reflect  .   (no helmet)
rElec    .         Harm     .   (no cloak)
rCorr    .         Rampage  .   (no gloves)
MR       .....                  (no boots)
Stlth    ++........             (no amulet)
HPRegen  0.05/turn              (no ring)
MPRegen  0.11/turn              (no ring)

@: no status effects
A: no striking features
a: no special abilities


You were on level 2 of the Dungeon.
You visited 1 branch of the dungeon, and saw 2 of its levels.

You collected 56 gold pieces.

Inventory:

Hand Weapons
 g - a +0 short sword (weapon)
Armour
 a - a +0 robe (worn)
Jewellery
 c - a +6 ring of dexterity {unknown}
 j - an uncursed ring of flight {unknown}
Scrolls
 b - 3 scrolls of identify {unknown}
 e - a scroll of teleportation {unknown}
 f - a scroll of fog {unknown}
 l - a scroll of remove curse {unknown}
Potions
 d - a potion of lignification {unknown}
 h - a potion of degeneration {unknown}
 i - 3 potions of mutation {unknown}
 k - a potion of ambrosia {unknown}


   Skills:
 - Level 2.6 Dodging
 - Level 2.6 Stealth
 - Level 3.2 Spellcasting
 * Level 2.0 Conjurations
 * Level 3.7 Fire Magic


You had 6 spell levels left.
You knew the following spells:

 Your Spells              Type           Power        Failure   Level
a - Foxfire               Conj/Fire      ##..         4%          1

Your spell library contained the following spells:

 Spells                   Type           Power        Failure   Level
 Conjure Flame            Conj/Fire      ##......     14%         3
 Inner Flame              Hex/Fire       ##......     21%         3
 Sticky Flame             Conj/Fire      ##......     41%         4
 Fireball                 Conj/Fire      ##........   77%         5


Dungeon Overview and Level Annotations

Branches:
Dungeon (2/15)

Altars:


Message History

The centaur skeleton is severely damaged.
The centaur skeleton hits you!
* * * LOW HITPOINT WARNING * * *
The centaur skeleton hits you.
* * * LOW HITPOINT WARNING * * *
The centaur skeleton closely misses you.
There is a stone staircase leading down here.
The centaur skeleton closely misses you.
Sorry, you're not good enough to have a special ability.
The centaur skeleton barely misses you.
Casting: Foxfire (safe; 4% risk of failure)
Confirm with . or Enter, or press ? or * to list all spells.
You conjure some foxfire!
The centaur skeleton closely misses you.
You hit the centaur skeleton but do no damage.
The centaur skeleton is severely damaged.
The foxfire hits the centaur skeleton.
The centaur skeleton is almost destroyed.
The centaur skeleton hits you.
You die...

..# #.. ..# ..# #.#
#.# #.# #.####.# #.#
#......#
###.###############.#
#.............# #.#
#.#.#...##.##v# #.#
#.#.#...##.##@#####>#
#.#.....##.##.Z.....#
#.###..###.##########
#.###<.###.#
#..........#
############


You could see a centaur skeleton.

Vanquished Creatures
  A dart slug (D:1)
  A leopard gecko (D:1)
  7 bats (D:1)
  2 goblins
  2 hobgoblins (D:1)
  2 kobolds (D:1)
  A frilled lizard (D:1)
  4 rats (D:1)
20 creatures vanquished.

Vanquished Creatures (others)
  55 foxfires
55 creatures vanquished.

Grand Total: 75 creatures vanquished

Notes
Turn   | Place    | Note
-------+----------+-------------------------------------------
     0 | D:1      | BarneyGumball the Deep Elf Fire Elementalist began the
                  | quest for the Orb.
     0 | D:1      | Reached XP level 1. HP: 10/10 MP: 6/6
   150 | D:1      | Reached XP level 2. HP: 12/15 MP: 1/8
  1015 | D:2      | Slain by a centaur skeleton

Illustrated notes

Levels and vault maps discovered:
D:1:      psy_arrival_terrarium, layout_loops_ring, st_stairs_12,
          patterned_corridor
D:2:      layout_loops_cross, kennysheep_small_spiral, minmay_snake_closets

Skill      XL: |  1  2 |
---------------+-------+-----
Conjurations   | 2 |  2.0
Dodging        | |  2.6
Stealth        | |  2.6
Spellcasting   | |  3.2
Fire Magic     | |  3.7

Action                   || total
-------------------------++-------
Melee: Unarmed           ||     1
       Short sword       ||    18
 Cast: Foxfire           ||    36
 Stab: Sleeping          ||     3
Armor: Robe              ||     5
Dodge: Dodged            ||    28

Table legend: (Time is in decaauts)
 A = Elapsed time spent in this place.
 B = Non-inter-level travel time spent in this place.
 C = Inter-level travel time spent in this place.
 D = Time resting spent in this place.
 E = Time spent auto-exploring this place.
 F = Levels seen in this place.
 G = Mean time per level.
                   A        B        C        D        E       F      G
               +--------+--------+--------+--------+--------+-----+--------+
         Total |   1016 |    996 |     20 |     76 |    761 |   2 |  508.0 |
       Dungeon |   1016 |    996 |     20 |     76 |    761 |   2 |  508.0 |
               +--------+--------+--------+--------+--------+-----+--------+

Top non-repeatable levels by time:
     D:1: 929 daAuts
     D:2: 86 daAuts
